 Dungeon Sprint DCSS version 0.28.0-43-g3370ac3207 (webtiles) character file.

Game seed: 5080440381973394158

45176 boopmooplesden the Executioner (level 13, 0/148 HPs)
             Began as a Minotaur Berserker on Mar 24, 2022.
             Was the Champion of Trog.
             Slain by an azure jelly (5 damage)
             ... in the Dungeon (Sprint III: "The Ten Rune Challenge").
             The game lasted 00:12:21 (5123 turns).

boopmooplesden the Executioner (Minotaur Berserker) Turns: 5123, Time: 00:12:21

Health: 0/148      AC: 22    Str: 23    XL:     13   Next: 30%
Magic:  31/31      EV: 11    Int:  9    God:    Trog [******]
Gold:   152        SH:  0    Dex: 12    Spells: 12/12 levels left

rFire   . . .      SeeInvis .   t - +2 executioner's axe (flame)
rCold   + + +      Faith    .   (shield currently unavailable)
rNeg    . . .      Spirit   .   u - +4 plate armour {rC+}
rPois   +          Reflect  .   i - +3 hat of Pondering {ponderous, Will+ MP+10 Int+5}
rElec   .          Harm     .   (no cloak)
rCorr   .          Rampage  .   (no gloves)
Will    +....      NoTele   +   (no boots)
Stlth   ..........              (no amulet)
HPRegen 0.34/turn               h - ring of the Messenger {+Blink Fly rPois rC++ MP+9}
MPRegen 0.22/turn               (no ring)

@: corroded, on berserk cooldown, flying, slowed, very slow
A: horns 2, retaliatory headbutt, hooves 1, iridescent scales 1, dopey 1,
screaming 1
}: 1/10 runes: barnacled
a: Renounce Religion, Evoke Blink, Berserk, Trog's Hand, Brothers in Arms


You were in the Dungeon.
You worshipped Trog.
Trog was exalted by your worship.
You visited 1 branch You collected 1563 gold pieces.
You spent 1411 gold pieces at shops.

Inventory:

Hand Weapons
 a - a +0 hand axe
 c - a +7 antimagic lajatang
 n - a +0 halberd
 o - a +1 long sword of holy wrath
 q - a +3 antimagic battleaxe
 r - a +4 scimitar of flaming
 s - a +4 battleaxe of flaming
 t - a +2 executioner's axe of flaming (weapon)
 w - the +8 glaive of Eternal War {vorpal, rF- rC++ Str+4 Stlth+}
   (Trog gifted it to you in the Dungeon)

   It inflicts extra damage upon your enemies.
   Str:       It affects your strength (+4).
   rF:        It makes you vulnerable to fire.
   rC:        It greatly protects you from cold.
   Stlth:     It makes you more stealthy.
Armour
 b - a +0 animal skin
 i - the +3 hat of Pondering (worn) {ponderous, Will+ MP+10 Int+5}
   (You took it off Gastronok in the Dungeon)

   Int:       It affects your intelligence (+5).
   MP:        It affects your magic capacity (+10).
   Will:      It increases your willpower.
 u - a +4 plate armour of cold resistance (worn)
Jewellery
 h - the ring of the Messenger (left hand) {+Blink Fly rPois rC++ MP+9}
   (You bought it in a shop in the Dungeon)

   [ring of flight]

   rC:        It greatly protects you from cold.
   rPois:     It protects you from poison.
   MP:        It affects your magic capacity (+9).
   Fly:       It grants you flight.
   +Blink:    It lets you blink.
 z - the macabre finger necklace {rN+}
   (You found it in the Dungeon)

   [amulet of nothing]

   It enables you to equip an extra ring.
   rN:        It protects you from negative energy.
 A - an amulet of the acrobat
Wands
 l - a wand of paralysis (10)
 x - a wand of iceblast (14)
 D - a wand of mindburst (15)
Scrolls
 j - 6 scrolls of identify
 m - 2 scrolls of holy word
 y - a scroll of immolation
 E - a scroll of blinking
Potions
 d - 2 potions of heal wounds
 e - 3 potions of haste
 f - 3 potions of magic
 g - 2 potions of berserk rage
 k - 2 potions of flight {unknown}
 v - a potion of brilliance {unknown}
 C - a potion of mutation
Miscellaneous
 p - a phial of floods


   Skills:
 + Level 23.1 Fighting
 + Level 26.3(26.7) Axes
 + Level 9.1(19.4) Polearms
 + Level 16.6 Armour
 + Level 11.8 Dodging
 + Level 5.1 Stealth
 + Level 4.2 Evocations


You had 12 spell levels left.
You didn't know any spells.
Your spell library was empty.

Dungeon Overview and Level Annotations

Branches:
Dungeon (1/1)

Altars:
Cheibriados
Dithmenos
Elyvilon
Fedhas
Gozag
Hepliaklqana
Kikubaaqudgha
Makhleb
Nemelex Xobeh
Okawaru
Qazlal
Ru
Sif Muna
Trog
Uskayaw
Vehumet
Wu Jian
Xom
Yredelemnul
Zin
The Shining One
Beogh
Jiyva
Lugonu

Shops:
D [!=[(:?


Innate Abilities, Weirdness & Mutations

You have a pair of horns on your head.
You reflexively headbutt those who attack you in melee.
You have large cloven feet.
You are partially covered in iridescent scales. (AC +2)
You are dopey. (Int -2)
You occasionally shout uncontrollably at your foes.


Message History

The acid blob closely misses you.
You slash the acid blob! You burn the acid blob.
Your hands burn!
You kick the acid blob. You headbutt the acid blob.
The acid blob is moderately wounded.
The acid blob spits acid at you. The splash of acid hits you!!
* * * LOW HITPOINT WARNING * * *
The acid corrodes you!
You barely miss the acid blob.
The acid blob is moderately wounded.
You carve the acid blob like a ham!!! You burn the acid blob!
Your hands burn!
* * * LOW HITPOINT WARNING * * *
You kick the acid blob.
The acid blob is almost dead.
The acid blob hits you!!
* * * LOW HITPOINT WARNING * * *
You are splashed with acid!
* * * LOW HITPOINT WARNING * * *
You slice the acid blob!! You burn the acid blob.
You kill the acid blob!
Trog accepts your kill.
Your Fighting skill increases to level 23!
You cut the shining eye into ribbons!!! You burn the shining eye!!
You feel the power of Trog in you as your rage grows.
You kill the shining eye!
Trog accepts your kill.
The azure jelly hits you but does no damage.
The azure jelly closely misses you.
The azure jelly hits you but does no damage. x2
You feel a strong urge to attack something.
You see here a +3 vorpal quarterstaff.
You feel your anger nearly subside.
You are too berserk!
You are no longer berserk.
You are exhausted.
You feel yourself slow down. The azure jelly hits you.
* * * LOW HITPOINT WARNING * * *
The azure jelly freezes you. You resist.
You die...

▓▓▓▓▓▓▓▓▓▓▓▓▓▓▓▓▓▓▓
▓...'..§§§§§≈≈♣♣...
▓...#≈≈≈§§§§≈≈♣♣.≈≈
▓...#≈≈§§§§§≈≈≈)...
▓...#≈≈≈§§§§≈≈♣♣♣♣♣
▓..[#≈≈≈≈≈§≈≈≈♣
▓##'####'#######♣
▓....)).........♣♣
▓#@#############'♣
▓.J.#≈....÷).....♣
▓...+≈≈...########♣
▓...#≈≈≈..÷......PP
▓.).#≈≈≈≈.........P
#.#############'###
##.## #.♣♣ ##.#
#♣.♣ #.......# ♣.♣♣


You could see an azure jelly.

Vanquished Creatures
  Rupert (D)
  An acid blob (D)
  Polyphemus (D)
  Gastronok (D)
  Harold (D)
  Ilsuiw (D)
  3 azure jellies (D)
  2 dire elephants (D)
  A merfolk javelineer (D)
  2 fire dragons (D)
  A centaur warrior (D)
  A hydra (D)
  Erica (D)
  4 death yaks (D)
  Urug (D)
  A death drake (D)
  A sea snake (D)
  A spriggan druid (D)
  Joseph (D)
  A lindwurm (D)
  A deep elf pyromancer (D)
  An orc knight (D)
  A shining eye (D)
  2 black mambas (D)
  2 elephants (D)
  2 cane toads (D)
  An unseen horror (D)
  A komodo dragon (D)
  A rime drake (D)
  A queen bee (D)
  2 tyrant leeches (D)
  8 blink frogs (D)
  3 dream sheep (D)
  3 wandering mushrooms (D)
  A shadow (D)
  2 spriggans (D)
  3 redbacks (D)
  A spatial vortex (D)
  2 hell hounds (D)
  A floating eye (D)
  A swamp drake (D)
  3 orc warriors (D)
  A fire dragon simulacrum (D)
  A necrophage (D)
  2 centaurs (D)
  An earth elemental (D)
  A water elemental (D)
  32 killer bees (D)
  An electric eel (D)
  A jelly (D)
  An orc priest (D)
  Jessica (D)
  3 orc wizards (D)
  A wizard (D)
  A necromancer (D)
  A polar bear simulacrum (D)
  2 wolf simulacra (D)
  3 humans (D)
  A kobold demonologist (D)
  A phantom (D)
  5 orcs (D)
  An endoplasm (D)
  2 rats (D)
  A plant (D)
134 creatures vanquished.

Vanquished Creatures (collateral kills)
  An azure jelly (D)
  An orc high priest (D)
  2 orc warriors (D)
  2 orcs (D)
6 creatures vanquished.

Vanquished Creatures (others)
  A hydra (D)
  9 plants (D)
10 creatures vanquished.

Grand Total: 150 creatures vanquished

Notes
Turn   | Place    | Note
-------+----------+-------------------------------------------
     0 | D        | boopmooplesden the Minotaur Berserker began the quest for
                  | the Orb.
     0 | D        | Reached XP level 1. HP: 19/19 MP: 0/0
    15 | D        | Reached skill level 4 in Axes
    27 | D        | Noticed Jessica
    31 | D        | Killed Jessica
    31 | D        | Reached ** piety under Trog
    32 | D        | Reached skill level 5 in Fighting
    32 | D        | Reached skill level 5 in Axes
    32 | D        | Reached XP level 2. HP: 22/30 MP: 1/1
    37 | D        | Reached XP level 3. HP: 28/37 MP: 2/2
    50 | D        | Reached skill level 6 in Axes
    55 | D        | Reached *** piety under Trog
    73 | D        | Gained mutation: Your flesh is cold resistant. (rC+)
                  | [potion of mutation]
    73 | D        | Gained mutation: You are covered in fur. (AC +1) [potion of
                  | mutation]
   101 | D        | Lost mutation: You are covered in fur. (AC +1) [potion of
                  | mutation]
   101 | D        | Lost mutation: Your flesh is cold resistant. (rC+) [potion
                  | of mutation]
   101 | D        | Gained mutation: You are resistant to electric shocks.
                  | (rElec) [potion of mutation]
   103 | D        | Lost mutation: You are resistant to electric shocks.
                  | (rElec) [potion of mutation]
   103 | D        | Gained mutation: Your movements are slightly less
                  | encumbered by armour. (ER -2) [potion of mutation]
   103 | D        | Gained mutation: You have an increased reservoir of magic.
                  | (+10% MP) [potion of mutation]
   103 | D        | Gained mutation: You are frail. (-10% HP) [potion of
                  | mutation]
   104 | D        | Lost mutation: Your movements are slightly less encumbered
                  | by armour. (ER -2) [potion of mutation]
   104 | D        | Lost mutation: You have an increased reservoir of magic.
                  | (+10% MP) [potion of mutation]
   104 | D        | Gained mutation: You occasionally shout uncontrollably at
                  | your foes. [potion of mutation]
   104 | D        | Gained mutation: You have an increased reservoir of magic.
                  | (+10% MP) [potion of mutation]
   104 | D        | Gained mutation: You are partially covered in iridescent
                  | scales. (AC +2) [potion of mutation]
   105 | D        | Lost mutation: You are frail. (-10% HP) [potion of
                  | mutation]
   105 | D        | Lost mutation: You have an increased reservoir of magic.
                  | (+10% MP) [potion of mutation]
   105 | D        | Gained mutation: You are dopey. (Int -2) [potion of
                  | mutation]
   105 | D        | Gained mutation: You have large cloven feet. [potion of
                  | mutation]
   108 | D        | Noticed a water elemental
   112 | D        | Killed a water elemental
   113 | D        | Reached skill level 7 in Axes
   113 | D        | Reached skill level 1 in Stealth
   113 | D        | Reached XP level 4. HP: 48/48 MP: 3/3
   182 | D        | Found a basalt altar of Yredelemnul.
   182 | D        | Found a shadowy altar of Dithmenos.
   182 | D        | Found a sacrificial altar of Ru.
   182 | D        | Noticed a necrophage
   186 | D        | Killed a necrophage
   187 | D        | Reached skill level 8 in Axes
   187 | D        | Reached XP level 5. HP: 44/57 MP: 4/4
   188 | D        | Reached skill level 9 in Axes
   188 | D        | Reached skill level 5 in Armour
   318 | D        | Found a hide-covered altar of Uskayaw.
   318 | D        | Found an iron altar of Okawaru.
   320 | D        | Found a bloodstained altar of Trog.
   320 | D        | Found an ornate altar of the Wu Jian Council.
   320 | D        | Noticed a human
   320 | D        | Noticed a human
   324 | D        | Killed a human
   324 | D        | Reached **** piety under Trog
   325 | D        | Reached skill level 10 in Fighting
   325 | D        | Reached skill level 10 in Axes
   325 | D        | Reached skill level 5 in Dodging
   325 | D        | Reached XP level 6. HP: 67/67 MP: 5/5
   329 | D        | Killed a human
   330 | D        | Reached skill level 11 in Axes
   469 | D        | Found a radiant altar of Vehumet.
   469 | D        | Found a shimmering blue altar of Sif Muna.
   469 | D        | Found an ancient bone altar of Kikubaaqudgha.
   475 | D        | Reached XP level 7. HP: 75/75 MP: 6/6
   532 | D        | Found a glowing silver altar of Zin.
   532 | D        | Found a glowing golden altar of the Shining One.
   532 | D        | Found a white marble altar of Elyvilon.
   533 | D        | Noticed a deep elf pyromancer
   537 | D        | Noticed a fire elemental
   537 | D        | Noticed a fire elemental
   540 | D        | Killed a deep elf pyromancer
   540 | D        | Reached ***** piety under Trog
   541 | D        | Reached skill level 12 in Axes
   741 | D        | Noticed a shadow
   745 | D        | Killed a shadow
   746 | D        | Reached skill level 13 in Axes
   746 | D        | Reached XP level 8. HP: 62/86 MP: 7/7
   847 | D        | Found a blossoming altar of Fedhas.
   847 | D        | Found a stormy altar of Qazlal.
   847 | D        | Found a snail-covered altar of Cheibriados.
   847 | D        | Found a burning altar of Makhleb.
   847 | D        | Found a shimmering altar of Xom.
   848 | D        | Found a hazy altar of Hepliaklqana.
   848 | D        | Found an opulent altar of Gozag.
   848 | D        | Found a sparkling altar of Nemelex Xobeh.
   848 | D        | Found a corrupted altar of Lugonu.
   848 | D        | Found a viscous altar of Jiyva.
   857 | D        | Received a gift from Trog
  1020 | D        | Noticed Erica
  1028 | D        | Killed Erica
  1077 | D        | Reached skill level 15 in Fighting
  1298 | D        | Noticed a centaur warrior
  1302 | D        | Reached skill level 14 in Axes
  1302 | D        | Reached XP level 9. HP: 65/97 MP: 2/8
  1303 | D        | Killed a centaur warrior
  1304 | D        | Reached skill level 1 in Evocations
  1463 | D        | Killed an unseen horror
  1464 | D        | Reached skill level 15 in Axes
  1485 | D        | Received a gift from Trog
  1556 | D        | Reached ****** piety under Trog
  1556 | D        | Received a gift from Trog
  1561 | D        | Noticed a queen bee
  1564 | D        | Killed a queen bee
  1570 | D        | HP: 5/101 [poisoned by a killer bee]
  1897 | D        | Reached XP level 10. HP: 108/108 MP: 9/9
  1913 | D        | Reached skill level 16 in Axes
  1919 | D        | Received a gift from Trog
  2237 | D        | Noticed Harold
  2237 | D        | Noticed Joseph
  2243 | D        | Killed Harold
  2244 | D        | Reached skill level 17 in Axes
  2244 | D        | Reached skill level 10 in Dodging
  2249 | D        | Killed Joseph
  2323 | D        | Found Dats's Antique Armour Shop.
  2323 | D        | Noticed an orc high priest
  2323 | D        | Noticed an orc knight
  2332 | D        | Noticed a smoke demon
  2333 | D        | Noticed a sixfirhy
  2337 | D        | Killed an orc knight
  2338 | D        | Reached skill level 18 in Axes
  2339 | D        | Received a gift from Trog
  2344 | D        | Received a gift from Trog
  2352 | D        | Killed an orc high priest
  2353 | D        | Reached skill level 19 in Axes
  2727 | D        | Bought a runed plate armour for 546 gold pieces
  2920 | D        | Reached XP level 11. HP: 98/119 MP: 10/10
  2969 | D        | Received a gift from Trog
  2970 | D        | Reached skill level 5 in Stealth
  3309 | D        | Reached skill level 20 in Axes
  3315 | D        | Received a gift from Trog
  3333 | D        | Noticed a dire elephant
  3333 | D        | Noticed a dire elephant
  3333 | D        | Noticed Gastronok
  3344 | D        | Killed a dire elephant
  3345 | D        | Killed a dire elephant
  3346 | D        | Reached skill level 21 in Axes
  3355 | D        | Reached skill level 10 in Armour
  3364 | D        | Killed Gastronok
  3365 | D        | Reached skill level 22 in Axes
  3607 | D        | Noticed an azure jelly
  3607 | D        | Noticed an azure jelly
  3607 | D        | Noticed an azure jelly
  3608 | D        | Noticed an azure jelly
  3610 | D        | Noticed Rupert
  3613 | D        | Paralysed by Rupert for 4 turns
  3624 | D        | Killed Rupert
  3624 | D        | Received a gift from Trog
  3647 | D        | Killed an azure jelly
  3648 | D        | Reached XP level 12. HP: 53/132 MP: 11/11
  3658 | D        | Killed an azure jelly
  3659 | D        | Reached skill level 23 in Axes
  3666 | D        | Killed an azure jelly
  3668 | D        | HP: 6/199 [azure jelly (13)]
  3668 | D        | HP: 2/199 [azure jelly (4)]
  3669 | D        | Killed an azure jelly
  4099 | D        | Noticed a death yak
  4100 | D        | Noticed a death yak
  4117 | D        | Noticed a death yak
  4119 | D        | Noticed a death yak
  4126 | D        | Killed a death yak
  4131 | D        | Killed a death yak
  4132 | D        | Reached skill level 24 in Axes
  4135 | D        | Killed a death yak
  4138 | D        | Killed a death yak
  4142 | D        | Received a gift from Trog
  4176 | D        | Noticed a fire dragon
  4179 | D        | Noticed a fire dragon
  4181 | D        | Received a gift from Trog
  4184 | D        | Killed a fire dragon
  4185 | D        | Found Ihyhup's Antique Armour Shoppe.
  4185 | D        | Found Vadda's Distillery.
  4185 | D        | Found Neqin's Jewellery Emporium.
  4190 | D        | Killed a fire dragon
  4231 | D        | Killed an eight-headed hydra
  4342 | D        | Bought the ring of the Messenger {+Blink Fly rPois rC++
                  | MP+9} for 865 gold pieces
  4427 | D        | Reached skill level 25 in Axes
  4433 | D        | Identified the +8 glaive of Eternal War {vorpal, rF- rC++
                  | Str+4 Stlth+} (Trog gifted it to you in the Dungeon)
  4433 | D        | Received a gift from Trog
  4443 | D        | Noticed Urug
  4444 | D        | Killed Urug
  4610 | D        | Noticed a five-headed hydra
  4622 | D        | Reached skill level 15 in Armour
  4623 | D        | Killed a three-headed hydra
  4663 | D        | Found a blossoming altar of Fedhas.
  4670 | D        | Received a gift from Trog
  4671 | D        | Reached XP level 13. HP: 133/145 MP: 12/12
  4686 | D        | Found the macabre finger necklace {rN+}
  4725 | D        | Noticed Polyphemus
  4736 | D        | Killed Polyphemus
  4746 | D        | Received a gift from Trog
  4972 | D        | Noticed Ilsuiw
  4973 | D        | Found Ulolac's Antique Weapon Emporium.
  4996 | D        | Killed Ilsuiw
  5011 | D        | Got a barnacled rune of Zot
  5015 | D        | Found Caem's Magic Scroll Shoppe.
  5015 | D        | Found Tirroink's Book Shop.
  5015 | D        | Noticed a merfolk javelineer
  5022 | D        | Killed a merfolk javelineer
  5023 | D        | Reached skill level 26 in Axes
  5102 | D        | Noticed an azure jelly
  5102 | D        | Noticed an acid blob
  5107 | D        | Received a gift from Trog
  5115 | D        | HP: 9/220 [acid (11)]
  5116 | D        | Killed an acid blob
  5123 | D        | HP: 5/148 [azure jelly (3)]
  5123 | D        | Slain by an azure jelly

Illustrated notes

Levels and vault maps discovered:
D:        dungeon_sprint_mu [sprint_mu_entry_cave, sprint_mu_temple_rooms,
          sprint_mu_d1_horrors, sprint_mu_d2_genie, sprint_mu_d3_branching,
          sprint_mu_orc_legion, sprint_mu_elf_gauntlet, sprint_mu_hive_nellie,
          sprint_mu_lair_fedhas, sprint_mu_vaults_butterflies,
          sprint_mu_slime_circle, sprint_mu_swamp_cave, sprint_mu_shoals_archi,
          sprint_mu_blade_basic, sprint_mu_crypt_fortress,
          sprint_mu_tomb_spiral, sprint_mu_vestibule_basic,
          sprint_mu_gehenna_hellfire, sprint_mu_dis_giant,
          sprint_mu_tartarus_statrot, sprint_mu_cocytus_islands, sprint_mu_zot1]

Skill      XL: |  1  2  3  4  5  6  7  8  9 10 11 12 13 |
---------------+----------------------------------------+-----
Fighting       | 5 7 9 10 11 13 15 16 18 19 21 23 | 23.1
Axes           | 5 7 8 10 11 13 14 15 19 22 25 26 | 26.3
Armour         | 3 4 5 6 7 11 15 16 | 16.6
Dodging        | 3 4 5 6 7 8 11 | 11.8
Stealth        | 1 2 3 4 5 |  5.1
Polearms       | 3 6 9 |  9.1
Evocations     | 2 3 4 |  4.2

Action                   |  1- 3 |  4- 6 |  7- 9 | 10-12 | 13-15 || total
-------------------------+-------+-------+-------+-------+-------++-------
Melee: Hand axe          |    20 |    13 |       |       |       ||    33
       Headbutt          |     3 |     3 |    10 |    37 |     6 ||    59
       Kick              |     1 |     4 |    13 |    56 |    14 ||    88
       Halberd           |       |     4 |    15 |       |       ||    19
       Battleaxe         |       |       |    51 |    61 |       ||   112
       Executioner's axe |       |       |       |   167 |    44 ||   211
Invok: Berserk           |     2 |     3 |     4 |     9 |     2 ||    20
       Brothers in Arms  |       |       |       |     4 |       ||     4
Evoke: Phial of floods   |       |       |     2 |     2 |       ||     4
  Use: Potion            |     5 |       |     1 |     1 |       ||     7
       Scroll            |       |       |       |     3 |     2 ||     5
 Stab: Sleeping          |     1 |       |       |       |       ||     1
       Distracted        |       |       |       |     1 |       ||     1
Armor: Animal skin       |     2 |     1 |    17 |     4 |       ||    24
       Plate armour      |       |       |       |   115 |    20 ||   135
Dodge: Dodged            |     7 |     5 |    40 |   131 |    12 ||   195
